[ PARTIDA AOE2 · #477709381 ]
UnrankedCumanos vs Britons
[ ANÁLISIS DE REPETICIÓN · EXTRAÍDO DE LA PARTIDA GRABADA ]
Feudal
9:01
Castillos
19:57
Imperial
29:05
| APM promedio | 47.9 |
| APM pico | 115 |
| eAPM promedio | 22.1 |
| Aldeanos / militares | 135 / 352 |
Foco
⚔️ 34.7% · 🌾 65.3%
Knight ×236 · Scout Cavalry ×107 · Trade Cart ×20 · Trebuchet (Packed) ×7 · Spearman ×1 · Camel Scout ×1
Feudal
10:38
Castillos
14:09
Imperial
27:00
| APM promedio | 40.2 |
| APM pico | 71 |
| eAPM promedio | 23.0 |
| Aldeanos / militares | 133 / 180 |
Foco
⚔️ 42.5% · 🌾 57.5%
Archer ×175 · Trade Cart ×39 · Trebuchet (Packed) ×5
Feudal
10:57
Castillos
15:01
Imperial
27:47
| APM promedio | 30.8 |
| APM pico | 73 |
| eAPM promedio | 15.5 |
| Aldeanos / militares | 160 / 350 |
Foco
⚔️ 37.7% · 🌾 62.3%
Chu Ko Nu ×238 · Scout Cavalry ×96 · Trade Cart ×20 · Battering Ram ×11 · Trebuchet (Packed) ×3 · Iron Pagoda ×2
Feudal
10:33
Castillos
14:28
Imperial
31:47
| APM promedio | 59.5 |
| APM pico | 134 |
| eAPM promedio | 27.2 |
| Aldeanos / militares | 158 / 409 |
Foco
⚔️ 37.7% · 🌾 62.3%
Scout Cavalry ×369 · Unknown (1920) ×36 · Trade Cart ×26 · Steppe Lancer ×26 · Unknown (1923) ×21 · Trebuchet (Packed) ×8
Feudal
11:21
Castillos
14:51
Imperial
27:21
| APM promedio | 54.2 |
| APM pico | 99 |
| eAPM promedio | 30.7 |
| Aldeanos / militares | 138 / 302 |
Foco
⚔️ 53.3% · 🌾 46.7%
Spearman ×296 · Unknown (1974) ×105 · Unknown (1968) ×95 · Trade Cart ×36 · Unknown (1942) ×14 · Monk ×3
Feudal
11:46
Castillos
15:22
Imperial
29:05
| APM promedio | 40.5 |
| APM pico | 76 |
| eAPM promedio | 21.5 |
| Aldeanos / militares | 140 / 527 |
Foco
⚔️ 40.0% · 🌾 60.0%
Genitour ×392 · Camel Archer ×93 · Hand Cannoneer ×28 · Bombard Cannon ×12 · Trebuchet (Packed) ×2
Feudal
10:14
Castillos
13:45
Imperial
29:20
| APM promedio | 36.0 |
| APM pico | 93 |
| eAPM promedio | 23.2 |
| Aldeanos / militares | 134 / 609 |
Foco
⚔️ 47.1% · 🌾 52.9%
Spearman ×359 · Eagle Scout ×225 · Trade Cart ×31 · Trebuchet (Packed) ×20 · Monk ×5
Feudal
10:30
Castillos
14:04
Imperial
28:02
| APM promedio | 37.9 |
| APM pico | 85 |
| eAPM promedio | 23.7 |
| Aldeanos / militares | 208 / 492 |
Foco
⚔️ 39.1% · 🌾 60.9%
Skirmisher ×373 · Petard ×111 · Unknown (2579) ×85 · Trebuchet (Packed) ×8
Mapa de la partida
Recursos iniciales + cada clic de construcción. Líneas = muros · curvas = relieve. ◆ oro · ⬟ piedra · ● bayas · ✦ reliquia · ◌ hueco del cierre
Tu base· ✓ Cerrada en 19:57 · 0t muro · 3 puerta(s)
Base de Velky kanec· ✓ Cerrada en 14:09 · 0t muro · 2 puerta(s)
Base de OIDA | Tasty· ✓ Cerrada en 15:01 · 0t muro · 3 puerta(s)
Base de [V-VI] LemonJack· ✓ Cerrada en 14:28 · 0t muro · 2 puerta(s)
Base de OIDA | .#sILVER· ✓ Cerrada en 14:51 · 7t muro · 4 puerta(s)
Base de Bambs· ✓ Cerrada en 15:22 · 0t muro · 3 puerta(s)
Base de FayDingaway· ✓ Cerrada en 13:45 · 0t muro · 3 puerta(s)
Base de Peter_Pahn· ✓ Cerrada en 14:04 · 0t muro · 2 puerta(s)
Terreno inicial suavizado · ◌ = hueco del cierre detectado · pasá el cursor para detalles
Inputs por minuto
— TrCL.ovoin - - Velky kanec
Build order — TrCL.ovoin
Primeras 150 de 512 acciones detectadas
| 0:00 | Crear | Villager (Male) |
| 0:01 | Crear | Villager (Male) |
| 0:01 | Crear | Villager (Male) |
| 0:02 | Construir | House |
| 0:03 | Construir | House |
| 0:07 | Crear | Villager (Male) |
| 1:25 | Crear | Villager (Male) |
| 1:55 | Crear | Villager (Male) |
| 2:14 | Construir | House |
| 2:16 | Construir | Lumber Camp |
| 2:22 | Crear | Villager (Male) |
| 2:33 | Crear | Villager (Male) |
| 3:12 | Crear | Villager (Male) |
| 3:35 | Crear | Villager (Male) |
| 3:35 | Crear | Villager (Male) |
| 3:44 | Crear | Villager (Male) |
| 4:40 | Crear | Villager (Male) |
| 4:41 | Crear | Villager (Male) |
| 5:45 | Construir | Mill |
| 5:47 | Crear | Villager (Male) |
| 6:19 | Crear | Villager (Male) |
| 6:51 | Investigar | Feudal Age |
| 7:48 | Construir | House |
| 7:49 | Construir | House |
| 8:14 | Crear | Villager (Male) |
| 9:01 | Edad | Edad Feudal |
| 9:04 | Construir | Town Center |
| 9:05 | Investigar | Double-Bit Axe |
| 9:07 | Investigar | Horse Collar |
| 9:12 | Crear | Villager (Male) |
| 9:46 | Crear | Villager (Male) |
| 9:55 | Construir | Farm |
| 10:13 | Crear | Villager (Male) |
| 10:22 | Construir | Farm |
| 10:26 | Crear | Villager (Male) |
| 10:33 | Crear | Villager (Male) |
| 10:33 | Crear | Villager (Male) |
| 10:53 | Crear | Villager (Male) |
| 10:57 | Crear | Villager (Male) |
| 11:01 | Construir | Farm |
| 11:22 | Crear | Villager (Male) |
| 11:23 | Construir | Farm |
| 11:26 | Crear | Villager (Male) |
| 11:38 | Construir | Mill |
| 11:51 | Crear | Villager (Male) |
| 11:51 | Crear | Villager (Male) |
| 11:59 | Construir | Farm |
| 12:04 | Construir | Farm |
| 12:06 | Crear | Villager (Male) |
| 12:09 | Construir | House |
| 12:11 | Construir | House |
| 12:29 | Crear | Villager (Male) |
| 12:42 | Crear | Villager (Male) |
| 12:42 | Crear | Villager (Male) |
| 12:55 | Crear | Villager (Male) |
| 13:04 | Construir | Farm |
| 13:06 | Construir | Farm |
| 13:07 | Construir | Farm |
| 13:10 | Construir | Farm |
| 13:16 | Construir | Farm |
| 13:17 | Crear | Villager (Male) |
| 13:17 | Crear | Villager (Male) |
| 13:21 | Construir | Farm |
| 13:22 | Construir | Farm |
| 13:23 | Construir | Farm |
| 13:29 | Crear | Villager (Male) |
| 13:43 | Construir | Mining Camp |
| 13:45 | Crear | Villager (Male) |
| 13:50 | Construir | Farm |
| 13:59 | Crear | Villager (Male) |
| 14:03 | Construir | Farm |
| 14:04 | Crear | Villager (Male) |
| 14:14 | Construir | House |
| 14:30 | Crear | Villager (Male) |
| 14:39 | Construir | Blacksmith |
| 14:50 | Crear | Villager (Male) |
| 15:00 | Crear | Villager (Male) |
| 15:10 | Crear | Villager (Male) |
| 15:25 | Crear | Villager (Male) |
| 15:36 | Construir | Barracks |
| 15:38 | Construir | House |
| 15:40 | Construir | House |
| 15:46 | Construir | Mining Camp |
| 15:49 | Crear | Villager (Male) |
| 15:50 | Crear | Villager (Male) |
| 15:50 | Crear | Villager (Male) |
| 15:55 | Construir | Farm |
| 16:07 | Crear | Villager (Male) |
| 16:30 | Crear | Spearman |
| 16:32 | Construir | Stable |
| 16:34 | Crear | Villager (Male) |
| 16:50 | Crear | Villager (Male) |
| 16:59 | Construir | Lumber Camp |
| 17:06 | Investigar | Wheelbarrow |
| 17:17 | Investigar | Castle Age |
| 17:28 | Construir | Farm |
| 17:30 | Construir | Farm |
| 17:33 | Construir | Farm |
| 17:34 | Construir | Farm |
| 17:34 | Construir | Farm |
| 17:53 | Construir | Farm |
| 17:58 | Construir | Farm |
| 18:12 | Crear | Villager (Male) |
| 18:15 | Investigar | Gold Mining |
| 18:33 | Construir | Lumber Camp |
| 18:51 | Crear | Villager (Male) |
| 18:56 | Construir | House |
| 18:58 | Construir | House |
| 19:08 | Construir | Market |
| 19:16 | Crear | Villager (Male) |
| 19:47 | Crear | Villager (Male) |
| 19:47 | Crear | Villager (Male) |
| 19:57 | Edad | Edad de los Castillos |
| 19:58 | Construir | Town Center |
| 20:03 | Construir | Town Center |
| 20:04 | Crear | Villager (Male) |
| 20:09 | Construir | Monastery |
| 20:11 | Crear | Villager (Male) |
| 20:16 | Construir | House |
| 20:17 | Construir | House |
| 20:17 | Construir | House |
| 20:18 | Crear | Villager (Male) |
| 20:22 | Construir | Lumber Camp |
| 20:24 | Crear | Villager (Male) |
| 20:34 | Crear | Villager (Male) |
| 20:34 | Crear | Villager (Male) |
| 20:39 | Investigar | Bow Saw |
| 20:43 | Investigar | Heavy Plow |
| 20:53 | Crear | Villager (Male) |
| 20:59 | Investigar | Gold Shaft Mining |
| 21:00 | Crear | Villager (Male) |
| 21:01 | Crear | Villager (Male) |
| 21:07 | Construir | House |
| 21:09 | Crear | Villager (Male) |
| 21:17 | Crear | Villager (Male) |
| 21:18 | Crear | Villager (Male) |
| 21:19 | Crear | Villager (Male) |
| 21:20 | Crear | Villager (Male) |
| 21:21 | Crear | Villager (Male) |
| 21:21 | Crear | Villager (Male) |
| 21:21 | Crear | Villager (Male) |
| 21:24 | Construir | Farm |
| 21:24 | Construir | Farm |
| 21:24 | Construir | Farm |
| 21:25 | Construir | Farm |
| 21:30 | Construir | Farm |
| 21:30 | Construir | Farm |
| 21:45 | Crear | Villager (Male) |
| 21:52 | Construir | House |
| 21:53 | Construir | House |
Build order — Velky kanec
Primeras 150 de 471 acciones detectadas
| 0:01 | Crear | Villager (Male) |
| 0:01 | Crear | Villager (Male) |
| 0:02 | Construir | House |
| 0:04 | Construir | House |
| 0:11 | Crear | Villager (Male) |
| 0:11 | Crear | Villager (Male) |
| 1:29 | Construir | Lumber Camp |
| 1:30 | Crear | Villager (Male) |
| 1:43 | Crear | Villager (Male) |
| 2:11 | Crear | Villager (Male) |
| 2:39 | Crear | Villager (Male) |
| 2:39 | Crear | Villager (Male) |
| 2:46 | Crear | Villager (Male) |
| 3:16 | Crear | Villager (Male) |
| 3:34 | Crear | Villager (Male) |
| 3:34 | Crear | Villager (Male) |
| 3:50 | Construir | House |
| 3:53 | Construir | House |
| 3:54 | Construir | House |
| 4:31 | Crear | Villager (Male) |
| 4:50 | Construir | Mill |
| 4:57 | Crear | Villager (Male) |
| 4:57 | Crear | Villager (Male) |
| 4:58 | Crear | Villager (Male) |
| 5:31 | Crear | Villager (Male) |
| 5:52 | Construir | Mill |
| 6:48 | Crear | Villager (Male) |
| 6:48 | Crear | Villager (Male) |
| 6:49 | Crear | Villager (Male) |
| 7:01 | Construir | Farm |
| 7:27 | Crear | Villager (Male) |
| 7:39 | Construir | Farm |
| 7:55 | Investigar | Feudal Age |
| 8:13 | Construir | Mining Camp |
| 8:35 | Crear | Villager (Male) |
| 8:35 | Crear | Villager (Male) |
| 10:38 | Edad | Edad Feudal |
| 10:40 | Construir | Market |
| 10:42 | Construir | Blacksmith |
| 11:20 | Investigar | Double-Bit Axe |
| 11:29 | Investigar | Castle Age |
| 11:55 | Investigar | Horse Collar |
| 12:19 | Construir | Farm |
| 12:31 | Construir | Farm |
| 13:18 | Construir | House |
| 13:40 | Crear | Villager (Male) |
| 14:09 | Edad | Edad de los Castillos |
| 14:12 | Construir | Town Center |
| 14:13 | Investigar | Bow Saw |
| 14:17 | Construir | Town Center |
| 14:27 | Crear | Villager (Male) |
| 14:28 | Investigar | Heavy Plow |
| 14:47 | Construir | Farm |
| 14:48 | Construir | Farm |
| 14:48 | Construir | Farm |
| 15:02 | Crear | Villager (Male) |
| 15:19 | Crear | Villager (Male) |
| 15:35 | Construir | Farm |
| 15:44 | Construir | Farm |
| 15:45 | Construir | Farm |
| 15:45 | Construir | Farm |
| 15:46 | Construir | Farm |
| 15:51 | Crear | Villager (Male) |
| 16:00 | Crear | Villager (Male) |
| 16:00 | Crear | Villager (Male) |
| 16:04 | Construir | Farm |
| 16:09 | Construir | Farm |
| 16:17 | Construir | Farm |
| 16:18 | Crear | Villager (Male) |
| 16:18 | Crear | Villager (Male) |
| 16:19 | Crear | Villager (Male) |
| 16:19 | Crear | Villager (Male) |
| 16:28 | Construir | Farm |
| 16:38 | Construir | Farm |
| 16:41 | Crear | Villager (Male) |
| 16:41 | Crear | Villager (Male) |
| 16:47 | Construir | Farm |
| 16:49 | Crear | Villager (Male) |
| 16:54 | Construir | House |
| 16:56 | Construir | House |
| 16:57 | Crear | Villager (Male) |
| 16:57 | Crear | Villager (Male) |
| 17:04 | Construir | Farm |
| 17:13 | Crear | Villager (Male) |
| 17:13 | Crear | Villager (Male) |
| 17:24 | Construir | Farm |
| 17:27 | Construir | Farm |
| 17:29 | Crear | Villager (Male) |
| 17:29 | Crear | Villager (Male) |
| 17:41 | Crear | Villager (Male) |
| 17:49 | Construir | House |
| 17:58 | Crear | Villager (Male) |
| 18:02 | Construir | Farm |
| 18:11 | Construir | Farm |
| 18:16 | Crear | Villager (Male) |
| 18:16 | Crear | Villager (Male) |
| 18:25 | Construir | Town Center |
| 18:26 | Crear | Villager (Male) |
| 18:27 | Crear | Villager (Male) |
| 18:29 | Construir | Farm |
| 18:35 | Crear | Villager (Male) |
| 18:35 | Crear | Villager (Male) |
| 18:40 | Construir | Farm |
| 18:47 | Crear | Villager (Male) |
| 18:58 | Crear | Villager (Male) |
| 19:03 | Crear | Villager (Male) |
| 19:09 | Construir | Farm |
| 19:10 | Construir | Farm |
| 19:11 | Construir | Farm |
| 19:13 | Crear | Villager (Male) |
| 19:13 | Crear | Villager (Male) |
| 19:18 | Crear | Villager (Male) |
| 19:21 | Construir | Farm |
| 19:24 | Construir | Farm |
| 19:37 | Construir | Farm |
| 19:38 | Crear | Villager (Male) |
| 19:48 | Investigar | Wheelbarrow |
| 19:55 | Construir | House |
| 19:56 | Construir | House |
| 20:03 | Crear | Villager (Male) |
| 20:07 | Investigar | Gold Mining |
| 20:08 | Crear | Villager (Male) |
| 20:18 | Construir | House |
| 20:21 | Crear | Villager (Male) |
| 20:25 | Construir | Farm |
| 20:31 | Construir | Farm |
| 20:32 | Construir | Farm |
| 20:37 | Crear | Villager (Male) |
| 20:37 | Crear | Villager (Male) |
| 20:38 | Crear | Villager (Male) |
| 20:38 | Crear | Villager (Male) |
| 20:41 | Construir | Farm |
| 20:50 | Crear | Villager (Male) |
| 20:50 | Crear | Villager (Male) |
| 21:01 | Crear | Villager (Male) |
| 21:12 | Crear | Villager (Male) |
| 21:12 | Crear | Villager (Male) |
| 21:16 | Construir | University |
| 21:23 | Crear | Villager (Male) |
| 21:23 | Crear | Villager (Male) |
| 21:29 | Construir | House |
| 21:30 | Construir | House |
| 21:31 | Crear | Villager (Male) |
| 21:31 | Crear | Villager (Male) |
| 21:55 | Investigar | Hand Cart |
| 22:04 | Crear | Villager (Male) |
| 22:04 | Crear | Villager (Male) |
| 22:12 | Construir | Siege Workshop |
| 22:15 | Crear | Villager (Male) |
| 22:15 | Crear | Villager (Male) |
Build order — OIDA | Tasty
Primeras 150 de 464 acciones detectadas
| 0:00 | Investigar | Loom |
| 0:44 | Crear | Villager (Male) |
| 1:11 | Crear | Villager (Male) |
| 1:34 | Crear | Villager (Male) |
| 2:03 | Crear | Villager (Male) |
| 2:13 | Construir | Lumber Camp |
| 2:18 | Crear | Villager (Male) |
| 2:41 | Crear | Villager (Male) |
| 3:08 | Crear | Villager (Male) |
| 3:29 | Crear | Villager (Male) |
| 3:56 | Crear | Villager (Male) |
| 3:59 | Construir | House |
| 4:15 | Construir | House |
| 4:24 | Crear | Villager (Male) |
| 4:40 | Construir | Mill |
| 4:44 | Crear | Villager (Male) |
| 5:26 | Crear | Villager (Male) |
| 5:31 | Construir | Farm |
| 5:47 | Crear | Villager (Male) |
| 6:12 | Crear | Villager (Male) |
| 6:18 | Construir | Farm |
| 6:39 | Crear | Villager (Male) |
| 6:49 | Construir | Farm |
| 6:50 | Crear | Villager (Male) |
| 7:18 | Crear | Villager (Male) |
| 7:34 | Construir | Lumber Camp |
| 7:38 | Crear | Villager (Male) |
| 7:58 | Construir | House |
| 8:17 | Crear | Villager (Male) |
| 8:30 | Investigar | Feudal Age |
| 8:34 | Construir | Mining Camp |
| 8:49 | Crear | Villager (Male) |
| 10:10 | Construir | Mill |
| 10:57 | Edad | Edad Feudal |
| 10:59 | Construir | Market |
| 11:02 | Construir | Blacksmith |
| 11:25 | Crear | Villager (Male) |
| 11:57 | Crear | Villager (Male) |
| 12:02 | Construir | Farm |
| 12:16 | Investigar | Castle Age |
| 12:31 | Investigar | Horse Collar |
| 12:49 | Construir | Farm |
| 12:52 | Construir | Farm |
| 12:57 | Investigar | Double-Bit Axe |
| 13:46 | Construir | House |
| 13:46 | Construir | House |
| 13:48 | Construir | House |
| 13:58 | Crear | Villager (Male) |
| 15:01 | Edad | Edad de los Castillos |
| 15:03 | Construir | Town Center |
| 15:06 | Crear | Villager (Male) |
| 15:18 | Construir | Town Center |
| 15:25 | Crear | Villager (Male) |
| 15:47 | Investigar | Bow Saw |
| 15:53 | Crear | Villager (Male) |
| 16:14 | Investigar | Heavy Plow |
| 16:22 | Crear | Villager (Male) |
| 16:23 | Crear | Villager (Male) |
| 16:27 | Investigar | Wheelbarrow |
| 16:35 | Crear | Villager (Male) |
| 16:44 | Construir | Farm |
| 16:45 | Crear | Villager (Male) |
| 16:50 | Construir | Farm |
| 16:52 | Crear | Villager (Male) |
| 16:53 | Crear | Villager (Male) |
| 16:58 | Construir | Farm |
| 17:01 | Crear | Villager (Male) |
| 17:08 | Construir | Farm |
| 17:09 | Crear | Villager (Male) |
| 17:29 | Crear | Villager (Male) |
| 17:30 | Construir | Farm |
| 17:33 | Crear | Villager (Male) |
| 17:35 | Construir | Farm |
| 17:38 | Construir | Farm |
| 17:41 | Construir | Farm |
| 17:46 | Construir | Farm |
| 17:56 | Construir | House |
| 17:57 | Construir | House |
| 18:00 | Crear | Villager (Male) |
| 18:06 | Crear | Villager (Male) |
| 18:13 | Construir | Farm |
| 18:17 | Construir | Farm |
| 18:20 | Construir | Farm |
| 18:23 | Construir | Farm |
| 18:28 | Construir | Farm |
| 18:30 | Crear | Villager (Male) |
| 18:35 | Construir | Farm |
| 18:36 | Crear | Villager (Male) |
| 18:38 | Crear | Villager (Male) |
| 18:44 | Construir | Farm |
| 18:47 | Crear | Villager (Male) |
| 18:54 | Construir | Farm |
| 19:00 | Construir | Farm |
| 19:05 | Construir | House |
| 19:06 | Crear | Villager (Male) |
| 19:10 | Construir | Farm |
| 19:11 | Crear | Villager (Male) |
| 19:15 | Construir | Farm |
| 19:16 | Crear | Villager (Male) |
| 19:16 | Crear | Villager (Male) |
| 19:22 | Construir | Farm |
| 19:23 | Crear | Villager (Male) |
| 19:27 | Construir | House |
| 19:28 | Construir | House |
| 19:37 | Construir | Farm |
| 19:37 | Crear | Villager (Male) |
| 19:42 | Crear | Villager (Male) |
| 19:48 | Crear | Villager (Male) |
| 19:49 | Crear | Villager (Male) |
| 19:51 | Crear | Villager (Male) |
| 19:56 | Crear | Villager (Male) |
| 20:00 | Construir | House |
| 20:01 | Construir | House |
| 20:08 | Construir | Farm |
| 20:12 | Construir | Farm |
| 20:13 | Crear | Villager (Male) |
| 20:16 | Construir | Farm |
| 20:19 | Construir | Farm |
| 20:20 | Crear | Villager (Male) |
| 20:45 | Construir | Town Center |
| 20:48 | Crear | Villager (Male) |
| 20:49 | Crear | Villager (Male) |
| 21:05 | Crear | Villager (Male) |
| 21:05 | Crear | Villager (Male) |
| 21:07 | Investigar | Hand Cart |
| 21:11 | Construir | Farm |
| 21:12 | Crear | Villager (Male) |
| 21:12 | Crear | Villager (Male) |
| 21:15 | Crear | Villager (Male) |
| 21:17 | Crear | Villager (Male) |
| 21:24 | Investigar | Gold Mining |
| 21:32 | Crear | Villager (Male) |
| 21:35 | Construir | House |
| 21:43 | Investigar | Stone Mining |
| 21:45 | Crear | Villager (Male) |
| 21:47 | Construir | Farm |
| 21:49 | Construir | Farm |
| 21:51 | Crear | Villager (Male) |
| 21:53 | Construir | House |
| 21:54 | Construir | House |
| 21:56 | Crear | Villager (Male) |
| 22:09 | Crear | Villager (Male) |
| 22:11 | Construir | Farm |
| 22:14 | Construir | Farm |
| 22:15 | Crear | Villager (Male) |
| 22:17 | Crear | Villager (Male) |
| 22:17 | Crear | Villager (Male) |
| 22:30 | Construir | Farm |
| 22:31 | Crear | Villager (Male) |
| 22:33 | Construir | Farm |
Build order — [V-VI] LemonJack
Primeras 150 de 518 acciones detectadas
| 0:00 | Crear | Villager (Male) |
| 0:01 | Crear | Villager (Male) |
| 0:01 | Crear | Villager (Male) |
| 0:02 | Construir | House |
| 0:05 | Construir | House |
| 0:10 | Crear | Villager (Male) |
| 1:23 | Crear | Villager (Male) |
| 1:23 | Crear | Villager (Male) |
| 1:46 | Construir | Lumber Camp |
| 2:06 | Crear | Villager (Male) |
| 2:06 | Crear | Villager (Male) |
| 2:31 | Crear | Villager (Male) |
| 2:46 | Crear | Villager (Male) |
| 2:46 | Crear | Villager (Male) |
| 3:06 | Crear | Villager (Male) |
| 3:26 | Construir | House |
| 3:37 | Crear | Villager (Male) |
| 3:53 | Construir | Mill |
| 4:10 | Crear | Villager (Male) |
| 4:10 | Crear | Villager (Male) |
| 4:14 | Construir | House |
| 4:21 | Construir | Mill |
| 4:29 | Crear | Villager (Male) |
| 4:29 | Crear | Villager (Male) |
| 4:53 | Crear | Villager (Male) |
| 4:53 | Crear | Villager (Male) |
| 5:16 | Crear | Villager (Male) |
| 5:50 | Construir | Pasture |
| 5:53 | Crear | Villager (Male) |
| 5:53 | Crear | Villager (Male) |
| 6:14 | Crear | Villager (Male) |
| 6:54 | Crear | Villager (Male) |
| 6:55 | Crear | Villager (Male) |
| 7:23 | Construir | Mill |
| 7:27 | Crear | Villager (Male) |
| 8:19 | Construir | Mining Camp |
| 8:20 | Investigar | Feudal Age |
| 8:20 | Investigar | Feudal Age |
| 8:40 | Construir | House |
| 9:57 | Crear | Villager (Male) |
| 9:57 | Crear | Villager (Male) |
| 10:33 | Edad | Edad Feudal |
| 10:34 | Construir | Market |
| 10:47 | Crear | Villager (Male) |
| 11:10 | Construir | Blacksmith |
| 11:23 | Crear | Villager (Male) ×5 |
| 11:42 | Construir | House |
| 11:48 | Investigar | Castle Age |
| 11:55 | Investigar | Double-Bit Axe |
| 11:55 | Investigar | Double-Bit Axe |
| 12:21 | Investigar | Tech 1014 |
| 12:42 | Construir | Pasture |
| 12:51 | Construir | House |
| 13:06 | Construir | Pasture |
| 14:01 | Crear | Villager (Male) |
| 14:28 | Edad | Edad de los Castillos |
| 14:32 | Construir | Town Center |
| 14:33 | Investigar | Bow Saw |
| 15:03 | Crear | Villager (Male) |
| 15:25 | Construir | Pasture |
| 15:26 | Investigar | Tech 1013 |
| 15:30 | Crear | Villager (Male) |
| 15:51 | Crear | Villager (Male) |
| 15:54 | Crear | Villager (Male) |
| 15:54 | Crear | Villager (Male) |
| 15:55 | Crear | Villager (Male) |
| 16:03 | Crear | Villager (Male) |
| 16:09 | Construir | House |
| 16:18 | Crear | Villager (Male) |
| 16:19 | Construir | Town Center |
| 16:24 | Crear | Villager (Male) |
| 16:26 | Construir | Pasture |
| 16:29 | Construir | House |
| 16:50 | Construir | Pasture |
| 16:54 | Construir | House |
| 16:56 | Crear | Villager (Male) |
| 17:10 | Crear | Villager (Male) |
| 17:14 | Crear | Villager (Male) |
| 17:17 | Construir | Pasture |
| 17:26 | Construir | House |
| 17:34 | Crear | Villager (Male) |
| 17:34 | Crear | Villager (Male) |
| 17:41 | Construir | Pasture |
| 17:50 | Crear | Villager (Male) |
| 17:54 | Crear | Villager (Male) |
| 17:56 | Crear | Villager (Male) |
| 18:03 | Construir | Pasture |
| 18:09 | Crear | Villager (Male) |
| 18:15 | Construir | House |
| 18:20 | Crear | Villager (Male) |
| 18:29 | Crear | Villager (Male) |
| 18:29 | Crear | Villager (Male) |
| 18:35 | Construir | Pasture |
| 18:41 | Crear | Villager (Male) |
| 18:43 | Construir | Pasture |
| 18:49 | Construir | Pasture |
| 18:56 | Construir | Pasture |
| 18:57 | Crear | Villager (Male) |
| 19:02 | Investigar | Gold Mining |
| 19:04 | Crear | Villager (Male) |
| 19:06 | Construir | House |
| 19:29 | Crear | Villager (Male) |
| 19:29 | Crear | Villager (Male) |
| 19:30 | Crear | Villager (Male) |
| 19:32 | Crear | Villager (Male) |
| 19:36 | Construir | House |
| 19:46 | Construir | Barracks |
| 19:49 | Crear | Villager (Male) |
| 20:00 | Construir | House |
| 20:01 | Construir | House |
| 20:03 | Crear | Villager (Male) |
| 20:03 | Crear | Villager (Male) |
| 20:06 | Investigar | Wheelbarrow |
| 20:06 | Investigar | Wheelbarrow |
| 20:11 | Crear | Villager (Male) |
| 20:25 | Crear | Villager (Male) |
| 20:25 | Crear | Villager (Male) |
| 20:39 | Construir | Stable |
| 20:44 | Construir | Archery Range |
| 20:49 | Construir | Stable |
| 20:50 | Crear | Villager (Male) |
| 20:50 | Crear | Villager (Male) |
| 20:53 | Construir | Stable |
| 20:54 | Crear | Villager (Male) |
| 20:58 | Crear | Villager (Male) |
| 21:02 | Crear | Villager (Male) |
| 21:11 | Construir | Pasture |
| 21:14 | Construir | Pasture |
| 21:16 | Construir | Pasture |
| 21:17 | Crear | Villager (Male) |
| 21:21 | Construir | House |
| 21:22 | Construir | House |
| 21:25 | Crear | Villager (Male) |
| 21:29 | Construir | Pasture |
| 21:30 | Investigar | Forging |
| 21:32 | Crear | Villager (Male) |
| 21:43 | Crear | Villager (Male) |
| 21:43 | Crear | Villager (Male) |
| 21:46 | Crear | Villager (Male) |
| 21:46 | Crear | Villager (Male) |
| 21:48 | Construir | Pasture |
| 21:51 | Construir | Pasture |
| 21:57 | Construir | House |
| 22:01 | Investigar | Husbandry |
| 22:06 | Crear | Steppe Lancer |
| 22:06 | Crear | Steppe Lancer |
| 22:06 | Crear | Steppe Lancer |
| 22:13 | Crear | Villager (Male) |
| 22:19 | Crear | Steppe Lancer |
| 22:19 | Crear | Steppe Lancer |
Build order — OIDA | .#sILVER
Primeras 150 de 590 acciones detectadas
| 0:00 | Crear | Villager (Male) |
| 0:01 | Crear | Villager (Male) |
| 0:01 | Crear | Villager (Male) |
| 0:02 | Construir | House |
| 0:03 | Construir | House |
| 0:11 | Crear | Villager (Male) |
| 1:22 | Crear | Villager (Male) |
| 1:45 | Crear | Villager (Male) |
| 1:47 | Construir | Lumber Camp |
| 2:14 | Crear | Villager (Male) |
| 2:45 | Crear | Villager (Male) |
| 2:48 | Crear | Villager (Male) |
| 3:25 | Crear | Villager (Male) |
| 3:42 | Construir | Palisade Wall |
| 3:46 | Construir | Palisade Gate |
| 3:48 | Construir | House |
| 3:58 | Crear | Villager (Male) |
| 4:06 | Construir | Palisade Wall |
| 4:12 | Construir | Palisade Wall |
| 4:16 | Construir | Palisade Wall |
| 4:19 | Construir | Palisade Wall |
| 4:21 | Construir | Palisade Wall |
| 4:23 | Construir | Palisade Wall |
| 4:28 | Construir | Palisade Gate |
| 4:33 | Crear | Villager (Male) |
| 4:43 | Construir | House |
| 4:44 | Construir | House |
| 4:46 | Crear | Villager (Male) |
| 5:09 | Crear | Villager (Male) |
| 5:25 | Crear | Villager (Male) |
| 5:32 | Construir | Mill |
| 5:52 | Crear | Villager (Male) |
| 6:10 | Crear | Villager (Male) |
| 6:29 | Crear | Villager (Male) |
| 6:41 | Crear | Villager (Male) |
| 6:50 | Crear | Villager (Male) |
| 6:55 | Crear | Villager (Male) |
| 7:12 | Construir | Lumber Camp |
| 8:43 | Crear | Villager (Male) |
| 8:50 | Construir | Mining Camp |
| 9:03 | Crear | Villager (Male) |
| 9:08 | Investigar | Feudal Age |
| 9:28 | Crear | Villager (Male) |
| 9:28 | Crear | Villager (Male) |
| 10:03 | Construir | Barracks |
| 10:48 | Construir | Farm |
| 11:21 | Edad | Edad Feudal |
| 11:22 | Construir | Market |
| 11:23 | Construir | Stable |
| 11:35 | Investigar | Horse Collar |
| 11:51 | Construir | House |
| 12:01 | Investigar | Double-Bit Axe |
| 12:09 | Investigar | Castle Age |
| 12:10 | Investigar | Castle Age |
| 12:17 | Construir | Farm |
| 12:19 | Construir | Farm |
| 12:30 | Crear | Villager (Male) |
| 12:31 | Construir | Farm |
| 12:40 | Crear | Scout Cavalry |
| 12:52 | Construir | Farm |
| 12:54 | Construir | Farm |
| 12:57 | Crear | Scout Cavalry |
| 13:06 | Construir | Farm |
| 13:10 | Construir | Farm |
| 13:18 | Crear | Scout Cavalry |
| 13:35 | Crear | Villager (Male) |
| 13:37 | Construir | Farm |
| 13:57 | Construir | House |
| 14:51 | Edad | Edad de los Castillos |
| 14:54 | Construir | Monastery |
| 15:01 | Investigar | Heavy Plow |
| 15:02 | Investigar | Bow Saw |
| 15:32 | Crear | Villager (Male) |
| 15:33 | Crear | Villager (Male) |
| 15:39 | Construir | House |
| 15:40 | Crear | Monk |
| 15:44 | Crear | Villager (Male) |
| 15:53 | Construir | Town Center |
| 16:00 | Construir | House |
| 16:06 | Crear | Villager (Male) |
| 16:18 | Crear | Villager (Male) |
| 16:24 | Crear | Villager (Male) |
| 16:33 | Crear | Villager (Male) |
| 16:39 | Construir | Town Center |
| 16:41 | Construir | House |
| 16:49 | Crear | Villager (Male) |
| 16:53 | Crear | Villager (Male) |
| 17:12 | Construir | Farm |
| 17:13 | Construir | Farm |
| 17:16 | Crear | Monk |
| 17:19 | Crear | Villager (Male) |
| 17:20 | Construir | Farm |
| 17:25 | Crear | Villager (Male) |
| 17:32 | Crear | Villager (Male) |
| 17:36 | Construir | Farm |
| 17:46 | Crear | Villager (Male) |
| 18:06 | Crear | Villager (Male) |
| 18:13 | Crear | Monk |
| 18:19 | Crear | Villager (Male) |
| 18:24 | Construir | Farm |
| 18:24 | Construir | Farm |
| 18:25 | Construir | Farm |
| 18:27 | Construir | Farm |
| 18:30 | Crear | Villager (Male) |
| 18:31 | Crear | Villager (Male) |
| 18:32 | Crear | Villager (Male) |
| 18:43 | Crear | Villager (Male) |
| 18:45 | Construir | Farm |
| 18:56 | Construir | Farm |
| 19:00 | Crear | Villager (Male) |
| 19:08 | Crear | Villager (Male) |
| 19:16 | Crear | Villager (Male) |
| 19:25 | Crear | Villager (Male) |
| 19:37 | Construir | Town Center |
| 19:38 | Crear | Villager (Male) |
| 19:50 | Crear | Villager (Male) |
| 19:51 | Crear | Villager (Male) |
| 19:54 | Construir | Farm |
| 20:06 | Crear | Villager (Male) |
| 20:07 | Crear | Villager (Male) |
| 20:12 | Construir | Farm |
| 20:14 | Construir | Farm |
| 20:14 | Construir | Farm |
| 20:17 | Investigar | Wheelbarrow |
| 20:17 | Investigar | Wheelbarrow |
| 20:27 | Crear | Villager (Male) |
| 20:29 | Crear | Villager (Male) |
| 20:39 | Crear | Villager (Male) |
| 20:49 | Crear | Villager (Male) |
| 20:49 | Crear | Villager (Male) |
| 20:50 | Construir | Farm |
| 20:52 | Construir | Farm |
| 20:57 | Construir | Farm |
| 20:58 | Construir | Farm |
| 21:01 | Crear | Villager (Male) |
| 21:03 | Construir | House |
| 21:03 | Construir | House |
| 21:19 | Crear | Villager (Male) |
| 21:20 | Crear | Villager (Male) |
| 21:23 | Construir | Farm |
| 21:24 | Construir | Farm |
| 21:25 | Construir | Farm |
| 21:28 | Crear | Villager (Male) |
| 21:36 | Crear | Villager (Male) |
| 21:40 | Crear | Villager (Male) |
| 21:45 | Construir | Farm |
| 21:47 | Crear | Villager (Male) |
| 21:53 | Crear | Villager (Male) |
| 22:04 | Crear | Villager (Male) |
| 22:06 | Construir | House |
Build order — Bambs
Primeras 150 de 495 acciones detectadas
| 0:00 | Crear | Villager (Male) |
| 0:00 | Crear | Villager (Male) |
| 0:01 | Crear | Villager (Male) |
| 0:04 | Construir | House |
| 0:06 | Construir | House |
| 0:27 | Crear | Villager (Male) |
| 1:28 | Crear | Villager (Male) |
| 1:55 | Crear | Villager (Male) |
| 1:58 | Construir | Lumber Camp |
| 2:02 | Crear | Villager (Male) |
| 2:37 | Crear | Villager (Male) |
| 3:11 | Crear | Villager (Male) |
| 3:33 | Construir | House |
| 3:34 | Construir | House |
| 3:44 | Crear | Villager (Male) |
| 3:44 | Crear | Villager (Male) |
| 4:06 | Crear | Villager (Male) |
| 4:27 | Construir | Mill |
| 4:39 | Crear | Villager (Male) |
| 4:39 | Crear | Villager (Male) |
| 4:58 | Crear | Villager (Male) |
| 5:28 | Crear | Villager (Male) |
| 6:02 | Crear | Villager (Male) |
| 6:02 | Crear | Villager (Male) |
| 6:02 | Crear | Villager (Male) |
| 6:21 | Construir | Mill |
| 6:34 | Crear | Villager (Male) |
| 6:47 | Construir | House |
| 7:14 | Crear | Villager (Male) |
| 7:15 | Crear | Villager (Male) |
| 7:45 | Construir | Farm |
| 7:56 | Crear | Villager (Male) |
| 7:58 | Construir | Farm |
| 8:46 | Construir | House |
| 8:54 | Construir | Mining Camp |
| 9:12 | Investigar | Feudal Age |
| 9:49 | Crear | Villager (Male) |
| 9:50 | Crear | Villager (Male) |
| 10:33 | Crear | Villager (Male) |
| 11:46 | Edad | Edad Feudal |
| 11:47 | Construir | Market |
| 11:50 | Construir | Blacksmith |
| 11:51 | Construir | House |
| 12:12 | Investigar | Double-Bit Axe |
| 12:36 | Construir | Lumber Camp |
| 12:42 | Investigar | Castle Age |
| 12:59 | Investigar | Horse Collar |
| 13:27 | Construir | Farm |
| 13:52 | Crear | Villager (Male) |
| 14:03 | Construir | Farm |
| 14:27 | Crear | Villager (Male) |
| 15:22 | Edad | Edad de los Castillos |
| 15:24 | Construir | Town Center |
| 15:40 | Construir | Town Center |
| 15:42 | Crear | Villager (Male) |
| 15:47 | Investigar | Bow Saw |
| 15:53 | Construir | Farm |
| 15:54 | Construir | Farm |
| 15:55 | Construir | Farm |
| 16:12 | Crear | Villager (Male) |
| 16:16 | Construir | Farm |
| 16:20 | Construir | Farm |
| 16:37 | Crear | Villager (Male) |
| 16:44 | Crear | Villager (Male) |
| 16:49 | Construir | Farm |
| 16:51 | Construir | Farm |
| 16:53 | Crear | Villager (Male) |
| 16:58 | Investigar | Wheelbarrow |
| 16:59 | Investigar | Loom |
| 17:02 | Crear | Villager (Male) |
| 17:08 | Construir | Farm |
| 17:11 | Construir | House |
| 17:16 | Crear | Villager (Male) |
| 17:27 | Construir | Farm |
| 17:29 | Crear | Villager (Male) |
| 17:34 | Construir | Farm |
| 17:38 | Construir | Farm |
| 17:44 | Crear | Villager (Male) |
| 17:47 | Construir | Farm |
| 17:53 | Construir | House |
| 17:54 | Construir | House |
| 17:58 | Crear | Villager (Male) |
| 18:11 | Crear | Villager (Male) |
| 18:16 | Construir | Farm |
| 18:17 | Construir | Farm |
| 18:18 | Construir | Farm |
| 18:24 | Crear | Villager (Male) |
| 18:35 | Crear | Villager (Male) |
| 18:38 | Construir | Farm |
| 18:41 | Construir | Farm |
| 18:44 | Construir | House |
| 18:45 | Construir | House |
| 18:50 | Crear | Villager (Male) |
| 18:50 | Crear | Villager (Male) |
| 18:50 | Crear | Villager (Male) |
| 18:57 | Construir | Farm |
| 19:00 | Construir | Farm |
| 19:02 | Crear | Villager (Male) |
| 19:10 | Crear | Villager (Male) |
| 19:15 | Construir | Farm |
| 19:19 | Construir | Farm |
| 19:20 | Crear | Villager (Male) |
| 19:20 | Crear | Villager (Male) |
| 19:20 | Crear | Villager (Male) |
| 19:22 | Crear | Villager (Male) |
| 19:31 | Construir | Farm |
| 19:32 | Construir | Farm |
| 19:37 | Construir | Farm |
| 19:38 | Crear | Villager (Male) |
| 19:40 | Crear | Villager (Male) |
| 19:48 | Construir | House |
| 19:50 | Construir | House |
| 19:51 | Construir | House |
| 19:51 | Crear | Villager (Male) |
| 19:52 | Crear | Villager (Male) |
| 19:56 | Investigar | Loom |
| 19:57 | Crear | Villager (Male) |
| 19:58 | Crear | Villager (Male) |
| 20:01 | Construir | Farm |
| 20:02 | Construir | Farm |
| 20:16 | Construir | Castle |
| 20:17 | Construir | Mining Camp |
| 20:29 | Construir | House |
| 20:30 | Construir | House |
| 20:38 | Crear | Villager (Male) |
| 20:39 | Crear | Villager (Male) |
| 20:39 | Crear | Villager (Male) |
| 20:45 | Construir | Farm |
| 20:49 | Crear | Villager (Male) |
| 21:06 | Investigar | Gold Mining |
| 21:13 | Crear | Villager (Male) |
| 21:14 | Crear | Villager (Male) |
| 21:22 | Construir | Town Center |
| 21:24 | Crear | Villager (Male) |
| 21:25 | Crear | Villager (Male) |
| 21:29 | Investigar | Stone Mining |
| 21:30 | Crear | Villager (Male) |
| 21:46 | Crear | Camel Archer |
| 21:46 | Crear | Camel Archer |
| 21:49 | Crear | Villager (Male) |
| 21:53 | Construir | House |
| 21:54 | Construir | House |
| 21:55 | Crear | Villager (Male) |
| 21:55 | Crear | Villager (Male) |
| 22:00 | Crear | Villager (Male) |
| 22:06 | Crear | Villager (Male) |
| 22:20 | Investigar | Fletching |
| 22:21 | Crear | Villager (Male) |
| 22:22 | Crear | Villager (Male) |
| 22:22 | Crear | Villager (Male) |
Build order — FayDingaway
Primeras 150 de 546 acciones detectadas
| 0:01 | Crear | Villager (Male) ×4 |
| 0:03 | Construir | House |
| 0:05 | Construir | House |
| 1:26 | Crear | Villager (Male) |
| 1:52 | Construir | Lumber Camp |
| 1:54 | Crear | Villager (Male) |
| 2:24 | Crear | Villager (Male) |
| 2:53 | Crear | Villager (Male) |
| 3:05 | Crear | Villager (Male) |
| 3:30 | Construir | House |
| 3:38 | Crear | Villager (Male) |
| 3:55 | Construir | Mill |
| 3:59 | Crear | Villager (Male) |
| 4:29 | Crear | Villager (Male) |
| 4:42 | Construir | House |
| 4:48 | Crear | Villager (Male) |
| 5:10 | Crear | Villager (Male) |
| 5:13 | Construir | Mill |
| 5:41 | Crear | Villager (Male) |
| 5:56 | Crear | Villager (Male) |
| 6:28 | Crear | Villager (Male) |
| 6:43 | Crear | Villager (Male) |
| 7:27 | Crear | Villager (Male) |
| 7:54 | Construir | Mining Camp |
| 8:04 | Investigar | Feudal Age |
| 8:44 | Crear | Villager (Male) |
| 9:20 | Crear | Villager (Male) |
| 10:14 | Edad | Edad Feudal |
| 10:16 | Construir | Market |
| 10:18 | Construir | Blacksmith |
| 11:05 | Investigar | Castle Age |
| 11:41 | Investigar | Horse Collar |
| 11:48 | Investigar | Double-Bit Axe |
| 11:55 | Construir | House |
| 12:10 | Construir | Farm |
| 12:13 | Construir | Farm |
| 12:24 | Crear | Villager (Male) |
| 13:24 | Construir | House |
| 13:45 | Edad | Edad de los Castillos |
| 13:49 | Construir | Town Center |
| 13:52 | Investigar | Heavy Plow |
| 13:53 | Investigar | Bow Saw |
| 13:56 | Crear | Villager (Male) |
| 14:23 | Crear | Villager (Male) |
| 14:28 | Construir | Farm |
| 14:31 | Construir | Farm |
| 14:34 | Construir | Farm |
| 14:41 | Crear | Villager (Male) |
| 14:47 | Construir | Farm |
| 15:06 | Construir | Farm |
| 15:06 | Crear | Villager (Male) |
| 15:16 | Crear | Villager (Male) |
| 15:18 | Construir | Farm |
| 15:24 | Construir | Farm |
| 15:27 | Crear | Villager (Male) |
| 15:34 | Crear | Villager (Male) |
| 15:41 | Construir | Farm |
| 15:58 | Construir | Farm |
| 16:00 | Crear | Villager (Male) |
| 16:05 | Construir | House |
| 16:09 | Crear | Villager (Male) |
| 16:13 | Construir | Farm |
| 16:23 | Construir | Farm |
| 16:37 | Crear | Villager (Male) |
| 16:37 | Crear | Villager (Male) |
| 16:45 | Construir | Monastery |
| 16:46 | Crear | Villager (Male) |
| 16:52 | Construir | House |
| 16:53 | Construir | House |
| 16:54 | Construir | House |
| 16:56 | Crear | Villager (Male) |
| 16:56 | Crear | Villager (Male) |
| 16:59 | Construir | Farm |
| 17:11 | Crear | Villager (Male) |
| 17:11 | Crear | Villager (Male) |
| 17:15 | Crear | Villager (Male) |
| 17:15 | Crear | Villager (Male) |
| 17:26 | Crear | Villager (Male) |
| 17:26 | Crear | Villager (Male) |
| 17:31 | Construir | Town Center |
| 17:32 | Crear | Villager (Male) |
| 17:33 | Crear | Monk |
| 17:57 | Crear | Villager (Male) |
| 18:00 | Crear | Villager (Male) |
| 18:12 | Construir | Barracks |
| 18:13 | Crear | Villager (Male) |
| 18:16 | Crear | Villager (Male) |
| 18:16 | Crear | Villager (Male) |
| 18:20 | Construir | Farm |
| 18:23 | Construir | Farm |
| 18:28 | Construir | House |
| 18:29 | Crear | Villager (Male) |
| 18:36 | Crear | Villager (Male) |
| 18:55 | Crear | Villager (Male) |
| 18:59 | Construir | Farm |
| 19:01 | Construir | Farm |
| 19:05 | Construir | Farm |
| 19:05 | Crear | Villager (Male) |
| 19:10 | Construir | House |
| 19:16 | Crear | Monk |
| 19:20 | Crear | Spearman |
| 19:20 | Crear | Spearman |
| 19:21 | Crear | Villager (Male) |
| 19:34 | Construir | Farm |
| 19:35 | Construir | Farm |
| 19:40 | Construir | Farm |
| 19:40 | Crear | Villager (Male) |
| 19:43 | Construir | House |
| 19:56 | Crear | Spearman |
| 20:03 | Crear | Villager (Male) |
| 20:03 | Crear | Villager (Male) |
| 20:08 | Crear | Spearman |
| 20:14 | Construir | Farm |
| 20:16 | Crear | Villager (Male) |
| 20:16 | Crear | Villager (Male) |
| 20:20 | Construir | Farm |
| 20:20 | Crear | Villager (Male) |
| 20:26 | Construir | House |
| 20:26 | Crear | Villager (Male) |
| 20:34 | Construir | Town Center |
| 20:36 | Crear | Villager (Male) |
| 20:41 | Crear | Villager (Male) |
| 20:54 | Crear | Monk |
| 20:57 | Crear | Villager (Male) |
| 21:00 | Crear | Villager (Male) |
| 21:02 | Construir | House |
| 21:09 | Construir | Farm |
| 21:10 | Construir | Farm |
| 21:12 | Construir | Farm |
| 21:14 | Crear | Villager (Male) |
| 21:14 | Crear | Villager (Male) |
| 21:14 | Crear | Villager (Male) |
| 21:16 | Construir | Farm |
| 21:17 | Construir | Farm |
| 21:19 | Crear | Villager (Male) |
| 21:35 | Crear | Villager (Male) |
| 21:38 | Construir | Farm |
| 21:39 | Construir | Farm |
| 21:40 | Crear | Villager (Male) |
| 21:44 | Crear | Villager (Male) |
| 22:10 | Crear | Villager (Male) |
| 22:19 | Crear | Villager (Male) |
| 22:26 | Crear | Villager (Male) |
| 22:28 | Investigar | Wheelbarrow |
| 22:28 | Crear | Villager (Male) |
| 22:34 | Crear | Monk |
| 22:48 | Crear | Monk |
| 22:49 | Crear | Villager (Male) |
| 22:51 | Construir | Farm |
| 22:52 | Construir | Farm |
Build order — Peter_Pahn
Primeras 150 de 626 acciones detectadas
| 0:00 | Crear | Villager (Male) |
| 0:00 | Crear | Villager (Male) |
| 0:01 | Crear | Villager (Male) |
| 0:02 | Construir | House |
| 0:03 | Construir | House |
| 0:16 | Crear | Villager (Male) |
| 0:16 | Crear | Villager (Male) |
| 1:11 | Crear | Villager (Male) |
| 1:37 | Crear | Villager (Male) |
| 1:37 | Crear | Villager (Male) |
| 1:50 | Crear | Villager (Male) |
| 1:51 | Crear | Villager (Male) |
| 1:55 | Construir | Settlement |
| 2:24 | Crear | Villager (Male) |
| 2:46 | Crear | Villager (Male) |
| 3:28 | Crear | Villager (Male) |
| 3:33 | Crear | Villager (Male) |
| 3:53 | Construir | Outpost |
| 4:22 | Crear | Villager (Male) |
| 4:22 | Crear | Villager (Male) |
| 4:44 | Construir | Outpost |
| 4:48 | Crear | Villager (Male) |
| 5:10 | Crear | Villager (Male) |
| 5:42 | Construir | Settlement |
| 5:43 | Crear | Villager (Male) |
| 6:02 | Construir | Outpost |
| 6:06 | Crear | Villager (Male) |
| 6:30 | Crear | Villager (Male) |
| 6:49 | Construir | Outpost |
| 6:59 | Crear | Villager (Male) |
| 7:15 | Crear | Villager (Male) |
| 7:36 | Construir | Settlement |
| 7:43 | Crear | Villager (Male) |
| 8:09 | Investigar | Feudal Age |
| 9:08 | Crear | Villager (Male) |
| 9:09 | Crear | Villager (Male) |
| 10:30 | Edad | Edad Feudal |
| 10:35 | Construir | Market |
| 10:37 | Investigar | Town Watch |
| 10:42 | Construir | Blacksmith |
| 11:24 | Investigar | Castle Age |
| 11:50 | Investigar | Horse Collar |
| 11:54 | Construir | Farm |
| 12:09 | Construir | Farm |
| 12:22 | Investigar | Double-Bit Axe |
| 12:25 | Construir | Outpost |
| 12:39 | Construir | Farm |
| 12:59 | Construir | Farm |
| 13:12 | Construir | Farm |
| 13:24 | Crear | Villager (Male) |
| 14:04 | Edad | Edad de los Castillos |
| 14:07 | Crear | Villager (Male) |
| 14:13 | Construir | Town Center |
| 14:31 | Crear | Villager (Male) |
| 14:36 | Investigar | Bow Saw |
| 14:49 | Crear | Villager (Male) |
| 15:03 | Construir | Town Center |
| 15:12 | Crear | Villager (Male) |
| 15:18 | Investigar | Heavy Plow |
| 15:19 | Investigar | Heavy Plow |
| 15:28 | Construir | House |
| 15:31 | Crear | Villager (Male) |
| 15:49 | Construir | Farm |
| 15:52 | Construir | Farm |
| 15:54 | Crear | Villager (Male) |
| 15:55 | Crear | Villager (Male) |
| 16:01 | Construir | Farm |
| 16:14 | Construir | Farm |
| 16:16 | Crear | Villager (Male) |
| 16:16 | Crear | Villager (Male) |
| 16:23 | Crear | Villager (Male) |
| 16:26 | Construir | Farm |
| 16:35 | Construir | Farm |
| 16:45 | Construir | Farm |
| 16:46 | Crear | Villager (Male) |
| 16:52 | Crear | Villager (Male) |
| 16:55 | Construir | Farm |
| 16:59 | Crear | Villager (Male) |
| 17:16 | Construir | Farm |
| 17:16 | Crear | Villager (Male) |
| 17:21 | Construir | House |
| 17:23 | Crear | Villager (Male) |
| 17:31 | Construir | Farm |
| 17:33 | Crear | Villager (Male) |
| 17:39 | Crear | Villager (Male) |
| 17:53 | Crear | Villager (Male) |
| 17:55 | Crear | Villager (Male) |
| 17:56 | Crear | Villager (Male) |
| 18:05 | Crear | Villager (Male) |
| 18:17 | Crear | Villager (Male) |
| 18:22 | Crear | Villager (Male) |
| 18:26 | Crear | Villager (Male) |
| 18:26 | Crear | Villager (Male) |
| 18:33 | Construir | Town Center |
| 18:36 | Crear | Villager (Male) |
| 18:36 | Crear | Villager (Male) |
| 18:40 | Construir | Farm |
| 18:47 | Crear | Villager (Male) |
| 18:47 | Crear | Villager (Male) |
| 18:49 | Crear | Villager (Male) |
| 18:49 | Crear | Villager (Male) |
| 18:51 | Construir | Farm |
| 18:54 | Construir | House |
| 18:59 | Crear | Villager (Male) |
| 18:59 | Crear | Villager (Male) |
| 19:04 | Construir | Farm |
| 19:04 | Crear | Villager (Male) |
| 19:05 | Crear | Villager (Male) |
| 19:09 | Construir | Farm |
| 19:18 | Construir | House |
| 19:19 | Crear | Villager (Male) |
| 19:24 | Construir | Farm |
| 19:26 | Crear | Villager (Male) |
| 19:27 | Crear | Villager (Male) |
| 19:32 | Crear | Villager (Male) |
| 19:37 | Construir | Farm |
| 19:42 | Crear | Villager (Male) |
| 19:42 | Crear | Villager (Male) |
| 19:46 | Construir | Farm |
| 19:47 | Construir | Farm |
| 19:55 | Crear | Villager (Male) |
| 19:55 | Crear | Villager (Male) |
| 20:00 | Construir | Farm |
| 20:01 | Crear | Villager (Male) |
| 20:01 | Crear | Villager (Male) |
| 20:06 | Construir | Farm |
| 20:07 | Construir | Farm |
| 20:08 | Crear | Villager (Male) |
| 20:08 | Crear | Villager (Male) |
| 20:13 | Construir | Farm |
| 20:17 | Crear | Villager (Male) |
| 20:26 | Construir | Farm |
| 20:26 | Crear | Villager (Male) |
| 20:26 | Crear | Villager (Male) |
| 20:33 | Crear | Villager (Male) |
| 20:36 | Construir | Farm |
| 20:39 | Construir | Farm |
| 20:40 | Crear | Villager (Male) |
| 20:40 | Crear | Villager (Male) |
| 20:45 | Construir | Farm |
| 20:48 | Crear | Villager (Male) |
| 20:57 | Construir | House |
| 20:58 | Crear | Villager (Male) |
| 20:58 | Crear | Villager (Male) |
| 21:01 | Construir | Farm |
| 21:04 | Construir | Farm |
| 21:05 | Crear | Villager (Male) |
| 21:05 | Crear | Villager (Male) |
| 21:15 | Investigar | Wheelbarrow |
| 21:22 | Construir | Farm |
Cronología de la partida
| 3:42 | OIDA | .#sILVER · wall_segment Palisade Wall x1 |
| 4:06 | OIDA | .#sILVER · wall_segment Palisade Wall x1 |
| 4:12 | OIDA | .#sILVER · wall_segment Palisade Wall x1 |
| 4:16 | OIDA | .#sILVER · wall_segment Palisade Wall x1 |
| 4:19 | OIDA | .#sILVER · wall_segment Palisade Wall x1 |
| 4:21 | OIDA | .#sILVER · wall_segment Palisade Wall x1 |
| 4:23 | OIDA | .#sILVER · wall_segment Palisade Wall x1 |
| 9:01 | TrCL.ovoin · age_up feudal |
| 10:03 | OIDA | .#sILVER · first_building Barracks |
| 10:14 | FayDingaway · age_up feudal |
| 10:30 | Peter_Pahn · age_up feudal |
| 10:33 | [V-VI] LemonJack · age_up feudal |
| 10:38 | Velky kanec · age_up feudal |
| 10:57 | OIDA | Tasty · age_up feudal |
| 11:21 | OIDA | .#sILVER · age_up feudal |
| 11:23 | OIDA | .#sILVER · first_building Stable |
| 11:46 | Bambs · age_up feudal |
| 12:40 | Bambs · first_market_sell 100 stone |
| 13:45 | FayDingaway · age_up castle |
| 14:04 | Peter_Pahn · age_up castle |
| 14:09 | Velky kanec · age_up castle |
| 14:28 | [V-VI] LemonJack · age_up castle |
| 14:51 | OIDA | .#sILVER · age_up castle |
| 14:54 | Peter_Pahn · first_market_buy 100 food |
| 14:54 | OIDA | .#sILVER · first_building Monastery |
| 15:01 | OIDA | Tasty · age_up castle |
| 15:22 | Bambs · age_up castle |
| 15:36 | TrCL.ovoin · first_building Barracks |
| 16:32 | TrCL.ovoin · first_building Stable |
| 16:33 | OIDA | .#sILVER · first_market_buy 100 wood |
| 16:45 | FayDingaway · first_building Monastery |
| 18:12 | FayDingaway · first_building Barracks |
| 19:46 | [V-VI] LemonJack · first_building Barracks |
| 19:50 | TrCL.ovoin · first_market_buy 100 wood |
| 19:57 | TrCL.ovoin · age_up castle |
| 20:09 | TrCL.ovoin · first_building Monastery |
| 20:16 | Bambs · first_building Castle |
| 20:39 | [V-VI] LemonJack · first_building Stable |
| 20:44 | [V-VI] LemonJack · first_building Archery Range |
| 22:12 | Velky kanec · first_building Siege Workshop |
| 22:24 | [V-VI] LemonJack · first_building Siege Workshop |
| 23:06 | Velky kanec · first_building Barracks |
| 23:42 | OIDA | Tasty · first_building Siege Workshop |
| 24:03 | Velky kanec · first_building Archery Range |
| 24:04 | Peter_Pahn · first_building Monastery |
| 24:09 | OIDA | .#sILVER · first_market_sell 100 wood |
| 24:21 | Peter_Pahn · first_market_sell 100 food |
| 24:25 | FayDingaway · first_building Castle |
| 24:49 | Velky kanec · first_building Castle |
| 25:07 | OIDA | Tasty · first_building Barracks |
| 25:19 | Peter_Pahn · first_building Barracks |
| 25:28 | OIDA | Tasty · first_building Castle |
| 25:28 | OIDA | .#sILVER · first_building Castle |
| 25:40 | FayDingaway · first_market_sell 100 food |
| 25:57 | Peter_Pahn · first_building Castle |
| 25:59 | Bambs · first_building Barracks |
| 26:22 | OIDA | Tasty · wall_segment Stone Wall x1 |
| 26:22 | Peter_Pahn · first_building Archery Range |
| 26:35 | OIDA | Tasty · wall_segment Stone Wall x1 |
| 27:00 | Velky kanec · age_up imperial |
| 27:13 | Bambs · first_market_buy 100 wood |
| 27:16 | Bambs · first_building Stable |
| 27:21 | OIDA | .#sILVER · age_up imperial |
| 27:31 | TrCL.ovoin · first_building Castle |
| 27:33 | Velky kanec · first_market_sell 100 food |
| 27:37 | OIDA | Tasty · first_building Archery Range |
| 27:39 | TrCL.ovoin · first_market_sell 100 wood |
| 27:42 | [V-VI] LemonJack · first_market_sell 100 wood |
| 27:47 | OIDA | Tasty · age_up imperial |
| 28:02 | Peter_Pahn · age_up imperial |
| 29:05 | Bambs · age_up imperial |
| 29:05 | TrCL.ovoin · age_up imperial |
| 29:20 | FayDingaway · age_up imperial |
| 29:27 | OIDA | Tasty · first_building Stable |
| 30:20 | OIDA | Tasty · first_market_sell 100 food |
| 30:57 | Bambs · first_building Archery Range |
| 31:47 | [V-VI] LemonJack · age_up imperial |
| 31:51 | OIDA | .#sILVER · first_building Siege Workshop |
| 35:31 | [V-VI] LemonJack · first_building Castle |
| 37:02 | Velky kanec · tribute_sent a jugador 2 |
| 37:02 | Velky kanec · tribute_sent a jugador 3 |
| 37:02 | Velky kanec · tribute_sent a jugador 4 |
| 37:02 | Velky kanec · tribute_sent a jugador 5 |
| 37:02 | Velky kanec · tribute_sent a jugador 6 |
| 37:02 | Velky kanec · tribute_sent a jugador 7 |
| 37:02 | Velky kanec · tribute_sent a jugador 8 |
| 37:03 | Bambs · tribute_sent a jugador 1 |
| 37:03 | Bambs · tribute_sent a jugador 2 |
| 37:03 | Bambs · tribute_sent a jugador 3 |
| 37:03 | Bambs · tribute_sent a jugador 4 |
| 37:03 | Bambs · tribute_sent a jugador 6 |
| 37:03 | Bambs · tribute_sent a jugador 7 |
| 37:03 | Bambs · tribute_sent a jugador 8 |
| 39:09 | Bambs · first_building Siege Workshop |
| 40:17 | Velky kanec · tribute_sent a jugador 2 |
| 40:17 | Velky kanec · tribute_sent a jugador 3 |
| 40:17 | Velky kanec · tribute_sent a jugador 4 |
| 40:17 | Velky kanec · tribute_sent a jugador 5 |
| 40:17 | Velky kanec · tribute_sent a jugador 6 |
| 40:17 | Velky kanec · tribute_sent a jugador 7 |
| 40:17 | Velky kanec · tribute_sent a jugador 8 |
| 43:12 | Velky kanec · tribute_sent a jugador 2 |
| 43:12 | Velky kanec · tribute_sent a jugador 3 |
| 43:12 | Velky kanec · tribute_sent a jugador 4 |
| 43:12 | Velky kanec · tribute_sent a jugador 5 |
| 43:12 | Velky kanec · tribute_sent a jugador 6 |
| 43:12 | Velky kanec · tribute_sent a jugador 7 |
| 43:12 | Velky kanec · tribute_sent a jugador 8 |
| 43:25 | OIDA | .#sILVER · tribute_sent a jugador 1 |
| 43:25 | OIDA | .#sILVER · tribute_sent a jugador 2 |
| 43:25 | OIDA | .#sILVER · tribute_sent a jugador 3 |
| 43:25 | OIDA | .#sILVER · tribute_sent a jugador 5 |
| 43:25 | OIDA | .#sILVER · tribute_sent a jugador 6 |
| 43:25 | OIDA | .#sILVER · tribute_sent a jugador 7 |
| 43:25 | OIDA | .#sILVER · tribute_sent a jugador 8 |
| 43:25 | Velky kanec · first_market_buy 100 stone |
| 44:20 | Velky kanec · tribute_sent a jugador 2 |
| 44:20 | Velky kanec · tribute_sent a jugador 3 |
| 44:20 | Velky kanec · tribute_sent a jugador 4 |
| 44:20 | Velky kanec · tribute_sent a jugador 5 |
| 44:20 | Velky kanec · tribute_sent a jugador 6 |
| 44:20 | Velky kanec · tribute_sent a jugador 7 |
| 44:20 | Velky kanec · tribute_sent a jugador 8 |
| 44:24 | FayDingaway · tribute_sent a jugador 1 |
| 44:24 | FayDingaway · tribute_sent a jugador 2 |
| 44:24 | FayDingaway · tribute_sent a jugador 3 |
| 44:24 | FayDingaway · tribute_sent a jugador 4 |
| 44:24 | FayDingaway · tribute_sent a jugador 5 |
| 44:24 | FayDingaway · tribute_sent a jugador 6 |
| 44:24 | FayDingaway · tribute_sent a jugador 8 |
| 46:31 | [V-VI] LemonJack · wall_segment Stone Wall x1 |
| 46:32 | [V-VI] LemonJack · wall_segment Stone Wall x1 |
| 46:33 | [V-VI] LemonJack · wall_segment Stone Wall x3 |
| 47:21 | Peter_Pahn · tribute_sent a jugador 1 |
| 47:21 | Peter_Pahn · tribute_sent a jugador 2 |
| 47:21 | Peter_Pahn · tribute_sent a jugador 3 |
| 47:21 | Peter_Pahn · tribute_sent a jugador 4 |
| 47:21 | Peter_Pahn · tribute_sent a jugador 5 |
| 47:21 | Peter_Pahn · tribute_sent a jugador 6 |
| 47:21 | Peter_Pahn · tribute_sent a jugador 7 |
| 47:32 | Velky kanec · tribute_sent a jugador 2 |
| 47:32 | Velky kanec · tribute_sent a jugador 3 |
| 47:32 | Velky kanec · tribute_sent a jugador 4 |
| 47:32 | Velky kanec · tribute_sent a jugador 5 |
| 47:32 | Velky kanec · tribute_sent a jugador 6 |
| 47:32 | Velky kanec · tribute_sent a jugador 7 |
| 47:32 | Velky kanec · tribute_sent a jugador 8 |
| 47:33 | FayDingaway · tribute_sent a jugador 1 |
| 47:33 | FayDingaway · tribute_sent a jugador 2 |
| 47:33 | FayDingaway · tribute_sent a jugador 3 |
| 47:33 | FayDingaway · tribute_sent a jugador 4 |
| 47:33 | FayDingaway · tribute_sent a jugador 5 |
| 47:33 | FayDingaway · tribute_sent a jugador 6 |
| 47:33 | FayDingaway · tribute_sent a jugador 8 |
| 47:45 | Bambs · tribute_sent a jugador 1 |
| 47:45 | Bambs · tribute_sent a jugador 2 |
| 47:45 | Bambs · tribute_sent a jugador 3 |
| 47:45 | Bambs · tribute_sent a jugador 4 |
| 47:45 | Bambs · tribute_sent a jugador 6 |
| 47:45 | Bambs · tribute_sent a jugador 7 |
| 47:45 | Bambs · tribute_sent a jugador 8 |
| 49:08 | OIDA | .#sILVER · wall_segment Palisade Wall x1 |
| 49:13 | OIDA | .#sILVER · wall_segment Palisade Wall x1 |
| 50:36 | FayDingaway · tribute_sent a jugador 1 |
| 50:36 | FayDingaway · tribute_sent a jugador 2 |
| 50:36 | FayDingaway · tribute_sent a jugador 3 |
| 50:36 | FayDingaway · tribute_sent a jugador 4 |
| 50:36 | FayDingaway · tribute_sent a jugador 5 |
| 50:36 | FayDingaway · tribute_sent a jugador 6 |
| 50:36 | FayDingaway · tribute_sent a jugador 8 |
| 50:48 | Peter_Pahn · resign |
[ ANÁLISIS IA · 1 CRÉDITO ]
¿Qué pasó realmente en esta partida?
Wolo.gg analiza cada decisión: build order, eco, micro, errores típicos por bracket. Análisis personalizado por WhatsApp o Discord en 30 segundos.
Guía civ
Cumanos
Perfil
Jugador #7954918